Diables vs Carnivores (R1)

Created - January 4, 2019 at 19:49

Goals
1 2 3 T
Diables 1 2 3 6
Carnivores 0 4 4 8
Shots
1 2 3 T
Diables 9 16 14 39
Carnivores 6 16 15 37

1st period

1. Diables , Mitchell Moroz 2 (Shayne Gostisbehere 6, Michal Repik 9) at 6:52

Penalties :
Nicolas Kerdiles (Bre) for Checking from behind (Minor) at 10:28, Michal Repik (Alm) for High sticking (Minor) at 14:23, Chris Lawrence (Bre) for Holding (Minor) at 18:26

2nd period

2. Carnivores , Nikita Alexeev 14 (Jeremy Welsh 14, Markus Granlund 12) at 2:10
3. Diables , Tim Schaller 17 (Shayne Gostisbehere 7, Craig Smith 30) at 2:22
4. Carnivores , T.J Brodie 2 (Zack Smith 9, Jeremy Williams 8) at 8:48
5. Diables , Michal Repik 6 (Elias Lindholm 2, Shayne Gostisbehere 8) at 11:20
6. Carnivores , Blake Geoffrion 23 (Chris Lawrence 23) at 12:59
7. Carnivores , Nicolas Kerdiles 8 (Mat Clark 9) at 13:50

Penalties :
Craig Smith (Alm) for High sticking (Minor) at 2:31, Jeremy Welsh (Bre) for Holding (Minor) at 19:58

3rd period

8. Diables , Jordan Caron 14 (Brian Dumoulin 10, Nick Bjugstad 30) at 1:13 (PP)
9. Diables , Craig Smith 18 (Michal Repik 10, Elias Lindholm 3) at 6:41
10. Carnivores , Hunter Shinkaruk 3 (David Schlemko 9, Jeremy Williams 9) at 8:30
11. Carnivores , Markus Granlund 4 (Blake Geoffrion 21, Chris Lawrence 24) at 8:48 (PP)
12. Carnivores , Anton Gustafsson 3 (Blake Geoffrion 22, T.J Brodie 18) at 8:56
13. Carnivores , Nicolas Kerdiles 9 (David Schlemko 10, Mark McNeill 9) at 10:54
14. Diables , Taylor Beck 14 (Craig Smith 31, Tim Schaller 30) at 17:15 (PP)

Penalties :
Nate Schmidt (Bre) for Holding (Minor) at 2:17, Jan Mursak (Alm) for Boarding (Minor) at 8:43, Chris Lawrence (Bre) for Hooking (Minor) at 15:50, Sasha Pokulok (Bre) for Roughing (Minor) at 18:27

Goalie Stats

Malcolm Subban (Alm), 25 saves from 32 shots - (0.781), L, 11-8-3, 48:56 minutes
Garret Sparks (Alm), 4 saves from 5 shots - (0.800), 11:04 minutes
Niklas Svedberg (Bre), 33 saves from 39 shots - (0.846), W, 8-7-1, 60:00 minutes

Players Stats for Diables

Player Name              G  A  P  +/- PIM S  H  SB GA TA FO     MP     PP MP  PK MP  
------------------------------------------------------------------------------------
Brandon Burlon           0  0  0  -2  0   3  1  3  0  1  0/0    27:18   7:01   2:13 
Brian Dumoulin           0  1  1  -1  0   3  1  2  0  0  0/0    23:35   3:08   1:50 
Carl Gunnarsson          0  0  0   0  0   0  0  0  0  1  0/0     2:39   0:00   1:50 
Christian Thomas         0  0  0  -1  0   0  0  0  0  0  0/1     9:23   0:00   0:00 
Craig Smith              1  2  3  -3  2   5  1  0  1  0  2/3    23:12   5:36   1:02 
Daniel Zaar              0  0  0   0  0   0  0  0  0  0  0/0     0:00   0:00   0:00 
Elias Lindholm           0  2  2   2  0   0  0  0  0  0  2/4     7:40   0:00   0:00 
Jan Mursak               0  0  0  -1  2   2  2  0  1  0  1/2    16:41   4:33   0:00 
Jeff Petry               0  0  0   0  0   0  1  0  0  1  0/0     8:55   0:00   0:00 
Jordan Caron             1  0  1  -1  0   3  1  0  0  0  0/0    18:20   4:33   0:49 
Louis Leblanc            0  0  0  -1  0   1  2  0  0  1  3/6    10:26   0:00   1:02 
Mark Fraser              0  0  0  -1  0   0  0  0  0  0  0/0     6:36   0:00   0:00 
Michal Repik             1  2  3   2  2   2  1  0  0  0  2/2     8:50   0:00   1:10 
Mikko Lehtonen           0  0  0  -1  0   0  2  0  0  0  0/0     9:23   0:00   0:00 
Mitchell Moroz           1  0  1   2  0   1  0  1  0  0  0/0     7:40   0:00   0:00 
Nick Bjugstad            0  1  1  -1  0   2  1  0  1  0  2/12   18:20   4:33   0:49 
Oscar Klefbom            0  0  0   0  0   2  1  0  0  0  0/0    14:44   3:08   0:00 
Pavel Valentenko         0  0  0   0  0   0  1  1  0  1  0/0     8:55   0:00   0:00 
Shayne Gostisbehere      0  3  3  -2  0   5  0  3  0  1  0/0    27:18   7:01   2:13 
Taylor Beck              1  0  1  -3  0   3  2  2  0  0  0/2    22:14   5:36   0:51 
Tim Schaller             1  1  2  -3  0   7  2  0  1  0  19/41  23:45   5:36   2:23 

Players Stats for Carnivores

Player Name              G  A  P  +/- PIM S  H  SB GA TA FO     MP     PP MP  PK MP  
------------------------------------------------------------------------------------
Anton Gustafsson         1  0  1   1  0   3  0  1  0  1  22/41  22:06   0:00   6:31 
Blake Geoffrion          1  2  3   1  0   5  3  0  0  1  1/2    17:45   2:16   0:00 
Chris Lawrence           0  2  2   1  4   6  2  3  2  0  2/2    21:55   2:16   4:00 
Curtis Lazar             0  0  0   0  0   0  0  0  0  0  0/0     0:13   0:11   0:00 
David Schlemko           0  2  2   2  0   0  0  1  0  0  0/0    20:26   1:15   4:19 
Frederik Gauthier        0  0  0  -1  0   0  0  1  0  0  3/6    11:51   0:00   1:29 
Hunter Shinkaruk         1  0  1   2  0   2  2  0  0  1  1/1     9:26   0:00   2:05 
Jeremy Welsh             0  1  1   1  2   2  1  0  1  0  1/2    14:00   1:36   0:00 
Jeremy Williams          0  2  2   2  0   3  0  0  1  0  0/0     8:47   1:36   0:00 
Josh Manson              0  0  0  -1  0   0  0  1  0  0  0/0     9:05   0:00   0:15 
Mark McNeill             0  1  1  -1  0   2  1  1  0  0  0/0    10:32   0:11   0:00 
Markus Granlund          1  1  2   1  0   2  3  0  1  0  9/14   16:33   2:16   1:39 
Mat Clark                0  1  1  -1  0   1  2  0  0  0  0/0    14:14   1:15   0:00 
Mattias Backman          0  0  0   0  0   1  0  0  0  0  0/0     4:56   0:00   1:42 
Nate Schmidt             0  0  0   2  2   0  1  2  0  1  0/0    26:43   2:48   4:50 
Nicolas Kerdiles         2  0  2  -1  2   2  0  0  0  0  1/1    14:45   0:11   3:59 
Nikita Alexeev           1  0  1   1  0   3  1  0  0  0  0/1    12:25   0:00   0:00 
Sasha Pokulok            0  0  0   2  2   1  0  1  0  0  0/0    17:04   0:00   3:22 
T.J Brodie               1  1  2   2  0   3  3  3  0  0  0/0    28:12   2:48   6:25 
Zack Smith               0  1  1   2  0   1  0  0  1  0  2/3     8:47   1:36   0:00 

3 Stars

1 - Blake Geoffrion (Bre)
2 - T.J Brodie (Bre)
3 - Markus Granlund (Bre)

Power Play

Diables - 2 on 6 Attempt(s) - 33.33%
Carnivores - 1 on 3 Attempt(s) - 33.33%

Penalty Kill

Diables - 2 on 3 Attempt(s) - 66.67% - Score 0 goal in Penalty Kill
Carnivores - 4 on 6 Attempt(s) - 66.67% - Score 0 goal in Penalty Kill

Team Stat

Diables - Hits : 19 - Faceoff Wins : 31 - Blocked Shots : 12 - Penalty Minutes : 6
Carnivores - Hits : 19 - Faceoff Wins : 42 - Blocked Shots : 14 - Penalty Minutes : 12

Official

Referees : Unknown
Linesman : Unknown

Game Notes

8:48 of 2nd period - Carnivores goal is going for a video replay. After video review, Goal.
Garret Sparks enters game at 8:56 of 3rd period

Finance

Level 1 -- Attendance: 1354 (67.70%) -- Ticket Income $54,160
Level 2 -- Attendance: 682 (68.20%) -- Ticket Income $13,640
Total Attendance: 2036 (67.87%)
Total Ticket Income: $67,800
Other Income: $3,390
Total Income: $71,190

Diables

5 vs 5 Forward 
   Center                   Left Wing                Right Wing               Time % Phy DF OF 
 1 Tim Schaller             Taylor Beck              Craig Smith              40     1   2  2  
 2 Nick Bjugstad            Jan Mursak               Jordan Caron             30     1   2  2  
 3 Louis Leblanc            Christian Thomas         Mikko Lehtonen           20     1   2  2  
 4 Elias Lindholm           Mitchell Moroz           Michal Repik             10     1   2  2  

5 vs 5 Defense 
   Defense                  Defense                                           Time % Phy DF OF 
 1 Brandon Burlon           Shayne Gostisbehere                               40     1   2  2  
 2 Oscar Klefbom            Brian Dumoulin                                    30     1   2  2  
 3 Brian Dumoulin           Mark Fraser                                       20     1   2  2  
 4 Jeff Petry               Pavel Valentenko                                  10     1   2  2  

PowerPlay Forward 
   Center                   Left Wing                Right Wing               Time % Phy DF OF 
 1 Tim Schaller             Taylor Beck              Craig Smith              60     1   2  2  
 2 Nick Bjugstad            Jan Mursak               Jordan Caron             40     1   2  2  

PowerPlay Defense
   Defense                  Defense                                           Time % Phy DF OF 
 1 Brandon Burlon           Shayne Gostisbehere                               60     1   2  2  
 2 Oscar Klefbom            Brian Dumoulin                                    40     1   2  2  

Penalty Kill 4 Players Forward 
   Center                   Wing                     Time % Phy DF OF 
 1 Craig Smith              Tim Schaller             60     1   2  2  
 2 Nick Bjugstad            Jordan Caron             40     1   2  2  

Penalty Kill 4 Players Defense
   Defense                  Defense                  Time % Phy DF OF 
 1 Brandon Burlon           Shayne Gostisbehere      60     1   2  2  
 2 Carl Gunnarsson          Brian Dumoulin           40     1   2  2  

Penalty Kill - 3 Players Forward 
   Forward                                           Time % Phy DF OF 
 1 Craig Smith                                       60     1   2  2  
 2 Tim Schaller                                      40     1   2  2  

Penalty Kill - 3 Players Defense
   Defense                  Defense                  Time % Phy DF OF 
 1 Brandon Burlon           Shayne Gostisbehere      60     1   2  2  
 2 Carl Gunnarsson          Brian Dumoulin           40     1   2  2  

4 vs 4 Forward 
   Center                   Wing                     Time % Phy DF OF 
 1 Craig Smith              Tim Schaller             60     1   2  2  
 2 Nick Bjugstad            Jordan Caron             40     1   2  2  

4 vs 4 Defense
   Defense                  Defense                  Time % Phy DF OF 
 1 Brandon Burlon           Shayne Gostisbehere      60     1   2  2  
 2 Carl Gunnarsson          Brian Dumoulin           40     1   2  2  

Last Minutes Offensive
   Center                   Left Wing                Right Wing               Defense                  Defense                  
   Tim Schaller             Taylor Beck              Craig Smith              Brandon Burlon           Shayne Gostisbehere      

Last Minutes Defensive
   Center                   Left Wing                Right Wing               Defense                  Defense                  
   Tim Schaller             Taylor Beck              Craig Smith              Brandon Burlon           Shayne Gostisbehere      

Goaltenders
Starting : Malcolm Subban           
Backup : Garret Sparks            

Extra Forwards
Normal : Daniel Zaar, Mikko Lehtonen, Michal Repik - PP : Daniel Zaar, Mikko Lehtonen - PK : Michal Repik
Extra Defensemen
Normal : Oscar Klefbom, Mark Fraser, Jeff Petry - PP : Oscar Klefbom - PK : Mark Fraser, Jeff Petry
Penalty Shots
Craig Smith, Tim Schaller, Nick Bjugstad, Jordan Caron, Taylor Beck

Scratches
Brandon Prust (Sprained Left Ankle Injury), Stephen Harper (Healthy), Emil Djuse (Healthy), Gemel Smith (Healthy), Jamie Oleksiak (Healthy)
Matt Lindblad (Healthy), Cole Cassels (Healthy), Jeremy Gregoire (Healthy), Scott Harrington (Healthy), Connor Hurley (Healthy)
Gustav Olofsson (Healthy), Andreas Johnsson (Healthy), Brett Ritchie (Healthy), Chris Bigras (Healthy), Andrew O'Brien (Healthy)
Marc-André Bourdon (Healthy), Linus Ullmark (Healthy), Jack Campbell (Healthy)

Carnivores

5 vs 5 Forward 
   Center                   Left Wing                Right Wing               Time % Phy DF OF 
 1 Anton Gustafsson         Blake Geoffrion          Chris Lawrence           40     1   2  2  
 2 Markus Granlund          Jeremy Welsh             Nikita Alexeev           30     1   2  2  
 3 Frederik Gauthier        Nicolas Kerdiles         Mark McNeill             20     1   2  2  
 4 Zack Smith               Hunter Shinkaruk         Jeremy Williams          10     1   2  2  

5 vs 5 Defense 
   Defense                  Defense                                           Time % Phy DF OF 
 1 T.J Brodie               Nate Schmidt                                      40     1   2  2  
 2 Sasha Pokulok            David Schlemko                                    30     1   2  2  
 3 Mat Clark                Josh Manson                                       20     1   2  2  
 4 Mat Clark                Mattias Backman                                   10     1   2  2  

PowerPlay Forward 
   Center                   Left Wing                Right Wing               Time % Phy DF OF 
 1 Markus Granlund          Blake Geoffrion          Chris Lawrence           60     1   2  2  
 2 Zack Smith               Jeremy Welsh             Jeremy Williams          40     1   2  2  

PowerPlay Defense
   Defense                  Defense                                           Time % Phy DF OF 
 1 T.J Brodie               Nate Schmidt                                      60     1   2  2  
 2 Mat Clark                David Schlemko                                    40     1   2  2  

Penalty Kill 4 Players Forward 
   Center                   Wing                     Time % Phy DF OF 
 1 Anton Gustafsson         Chris Lawrence           60     1   2  2  
 2 Frederik Gauthier        T.J Brodie               40     1   2  2  

Penalty Kill 4 Players Defense
   Defense                  Defense                  Time % Phy DF OF 
 1 T.J Brodie               Nate Schmidt             60     1   2  2  
 2 Sasha Pokulok            David Schlemko           40     1   2  2  

Penalty Kill - 3 Players Forward 
   Forward                                           Time % Phy DF OF 
 1 Anton Gustafsson                                  60     1   2  2  
 2 Chris Lawrence                                    40     1   2  2  

Penalty Kill - 3 Players Defense
   Defense                  Defense                  Time % Phy DF OF 
 1 T.J Brodie               Nate Schmidt             60     1   2  2  
 2 Sasha Pokulok            David Schlemko           40     1   2  2  

4 vs 4 Forward 
   Center                   Wing                     Time % Phy DF OF 
 1 Blake Geoffrion          Chris Lawrence           60     1   2  2  
 2 Jeremy Williams          Zack Smith               40     1   2  2  

4 vs 4 Defense
   Defense                  Defense                  Time % Phy DF OF 
 1 T.J Brodie               Nate Schmidt             60     1   2  2  
 2 Mat Clark                David Schlemko           40     1   2  2  

Last Minutes Offensive
   Center                   Left Wing                Right Wing               Defense                  Defense                  
   Markus Granlund          Blake Geoffrion          Chris Lawrence           Mat Clark                Nate Schmidt             

Last Minutes Defensive
   Center                   Left Wing                Right Wing               Defense                  Defense                  
   Anton Gustafsson         Blake Geoffrion          Chris Lawrence           Sasha Pokulok            Nate Schmidt             

Goaltenders
Starting : Niklas Svedberg          
Backup : Tristan Jarry            

Extra Forwards
Normal : Curtis Lazar, Nicolas Kerdiles, Mark McNeill - PP : Curtis Lazar, Nicolas Kerdiles - PK : Nicolas Kerdiles
Extra Defensemen
Normal : T.J Brodie, Mattias Backman, Josh Manson - PP : T.J Brodie - PK : Mattias Backman, Josh Manson
Penalty Shots
Blake Geoffrion, Chris Lawrence, Jeremy Williams, Zack Smith, Jeremy Welsh

Scratches
Adam Almquist (Healthy), Connor Clifton (Healthy), Stanislav Galiev (Healthy), Mark MacMillan (Healthy), Tyler Graovac (Healthy)
Troy Bourke (Healthy), Alexandre Mallet (Healthy), Michael Schumacher (Healthy)

% Time on Ice - Diables

Lines # - Real PCT - Wanted PCT - Time Play
Normal Forward
1 - 34% - 40% - 15:47
2 - 28% - 30% - 12:58
3 - 20% - 20% - 9:23
4 - 17% - 10% - 7:40
Normal Defense
1 - 39% - 40% - 18:04
2 - 27% - 30% - 12:13
3 - 14% - 20% - 6:36
4 - 19% - 10% - 8:55
PP Forward
1 - 55% - 60% - 5:36
2 - 45% - 40% - 4:33
PP Defense
1 - 69% - 60% - 7:01
2 - 31% - 40% - 3:08
PK Forward
1 - 80% - 60% - 3:14
2 - 20% - 40% - 0:49
PK Defense
1 - 55% - 60% - 2:13
2 - 45% - 40% - 1:50
PK3 Forward
1 - 0% - 60%
2 - 0% - 40%
PK3 Defense
1 - 0% - 60%
2 - 0% - 40%
44 Forward
1 - 0% - 60%
2 - 0% - 40%
44 Defense
1 - 0% - 60%
2 - 0% - 40%
Last Minute Offensive  - 0:00
Last Minute Defensive  - 0:00
Total
Forward - 60:00
Defense - 60:00

% Time on Ice - Carnivores

Lines # - Real PCT - Wanted PCT - Time Play
Normal Forward
1 - 35% - 40% - 15:50
2 - 27% - 30% - 12:28
3 - 23% - 20% - 10:19
4 - 16% - 10% - 7:11
Normal Defense
1 - 42% - 40% - 19:06
2 - 32% - 30% - 14:45
3 - 19% - 20% - 8:43
4 - 7% - 10% - 3:14
PP Forward
1 - 60% - 60% - 2:27
2 - 40% - 40% - 1:36
PP Defense
1 - 69% - 60% - 2:48
2 - 31% - 40% - 1:15
PK Forward
1 - 85% - 60% - 8:40
2 - 15% - 40% - 1:29
PK Defense
1 - 60% - 60% - 6:05
2 - 40% - 40% - 4:04
PK3 Forward
1 - 0% - 60%
2 - 0% - 40%
PK3 Defense
1 - 0% - 60%
2 - 0% - 40%
44 Forward
1 - 0% - 60%
2 - 0% - 40%
44 Defense
1 - 0% - 60%
2 - 0% - 40%
Last Minute Offensive  - 0:00
Last Minute Defensive  - 0:00
Total
Forward - 60:00
Defense - 60:00

Play-by-Play

1st period


0:01 of 1st period - Tim Schaller wins face-off versus Anton Gustafsson in neutral zone.
0:10 of 1st period - Slapshot by Taylor Beck.
0:10 of 1st period - Deflect By Tim Schaller.
0:10 of 1st period - Stopped by Niklas Svedberg without a rebound.
0:11 of 1st period - Nick Bjugstad wins face-off versus Nikita Alexeev in Carnivores zone.
1:01 of 1st period - Wrist shot by Michal Repik.
1:01 of 1st period - Shot Misses the Net.
1:03 of 1st period - Snap shot by Michal Repik.
1:03 of 1st period - Shot Blocked by Frederik Gauthier.
1:05 of 1st period - Slapshot by Shayne Gostisbehere.
1:05 of 1st period - Deflect By Sasha Pokulok.
1:05 of 1st period - Stopped by Niklas Svedberg with a rebound.
1:07 of 1st period - Slapshot by Brandon Burlon.
1:07 of 1st period - Stopped by Niklas Svedberg without a rebound.
1:08 of 1st period - Anton Gustafsson wins face-off versus Tim Schaller in Carnivores zone.
1:13 of 1st period - Tim Schaller is hit by Nate Schmidt and loses puck.
1:33 of 1st period - Jordan Caron is hit by Hunter Shinkaruk.
2:26 of 1st period - Nikita Alexeev is hit by Craig Smith and loses puck.
2:45 of 1st period - Wrist shot by Louis Leblanc.
2:45 of 1st period - Shot Misses the Net.
3:39 of 1st period - Wrist shot by Oscar Klefbom.
3:39 of 1st period - Stopped by Niklas Svedberg with a rebound.
4:02 of 1st period - Brian Dumoulin is hit by Mark McNeill and loses puck.
4:14 of 1st period - Off-side.
4:15 of 1st period - Markus Granlund wins face-off versus Louis Leblanc in neutral zone.
4:53 of 1st period - Tim Schaller is hit by Blake Geoffrion and loses puck.
5:58 of 1st period - David Schlemko is hit by Mikko Lehtonen and loses puck.
6:09 of 1st period - Snap shot by Anton Gustafsson.
6:09 of 1st period - Stopped by Malcolm Subban with a rebound.
6:29 of 1st period - Nate Schmidt is hit by Pavel Valentenko and loses puck.
6:52 of 1st period - Slapshot by Shayne Gostisbehere.
6:52 of 1st period - Deflect By Mitchell Moroz.
6:52 of 1st period - Goal by Mitchell Moroz - Diables : 1 - Carnivores : 0.
6:53 of 1st period - Tim Schaller wins face-off versus Anton Gustafsson in neutral zone.
7:00 of 1st period - Snap shot by Craig Smith.
7:00 of 1st period - Deflect By Taylor Beck.
7:00 of 1st period - Shot Misses the Net.
7:00 of 1st period - Puck is out of play.
7:01 of 1st period - Anton Gustafsson wins face-off versus Tim Schaller in Carnivores zone.
8:38 of 1st period - Snap shot by Mark McNeill.
8:38 of 1st period - Stopped by Malcolm Subban with a rebound.
8:58 of 1st period - Slapshot by Zack Smith.
8:58 of 1st period - Shot Misses the Net.
9:49 of 1st period - Jeremy Welsh is hit by Tim Schaller and loses puck.
10:11 of 1st period - Off-side.
10:12 of 1st period - Louis Leblanc wins face-off versus Frederik Gauthier in neutral zone.
10:15 of 1st period - Slapshot by Mikko Lehtonen.
10:15 of 1st period - Shot Misses the Net.
10:19 of 1st period - Slapshot by Brian Dumoulin.
10:19 of 1st period - Stopped by Niklas Svedberg with a rebound.
10:21 of 1st period - Snap shot by Louis Leblanc.
10:21 of 1st period - Shot Blocked by Mark McNeill.
10:28 of 1st period - Minor Penalty to Nicolas Kerdiles for Checking from behind.
10:29 of 1st period - Anton Gustafsson wins face-off versus Tim Schaller in Carnivores zone.
10:43 of 1st period - Anton Gustafsson is hit by Taylor Beck and loses puck.
10:58 of 1st period - David Schlemko is hit by Jordan Caron and loses puck.
11:03 of 1st period - Slapshot by Nick Bjugstad.
11:03 of 1st period - Deflect By David Schlemko.
11:03 of 1st period - Shot Blocked by David Schlemko.
11:03 of 1st period - Puck is out of play.
11:04 of 1st period - Tim Schaller wins face-off versus Anton Gustafsson in Carnivores zone.
11:09 of 1st period - Snap shot by Craig Smith.
11:09 of 1st period - Stopped by Niklas Svedberg without a rebound.
11:10 of 1st period - Tim Schaller wins face-off versus Anton Gustafsson in Carnivores zone.
11:39 of 1st period - T.J Brodie is hit by Nick Bjugstad and loses puck.
12:28 of 1st period - Penalty to Nicolas Kerdiles is over, Nicolas Kerdiles is back on ice.
13:26 of 1st period - Pavel Valentenko is hit by Jeremy Welsh and loses puck.
13:39 of 1st period - Wrist shot by Chris Lawrence.
13:39 of 1st period - Stopped by Malcolm Subban with a rebound.
14:10 of 1st period - Snap shot by Jeremy Welsh.
14:10 of 1st period - Shot Blocked by Mitchell Moroz.
14:23 of 1st period - Minor Penalty to Michal Repik for High sticking.
14:24 of 1st period - Craig Smith wins face-off versus Markus Granlund in Diables zone.
15:16 of 1st period - Snap shot by Nick Bjugstad.
15:16 of 1st period - Shot Misses the Net.
15:30 of 1st period - Craig Smith is hit by Blake Geoffrion and loses puck.
16:19 of 1st period - David Schlemko is hit by Louis Leblanc and loses puck.
16:23 of 1st period - Penalty to Michal Repik is over, Michal Repik is back on ice.
16:44 of 1st period - Icing by Chris Lawrence.
16:45 of 1st period - Jan Mursak wins face-off versus Anton Gustafsson in Carnivores zone.
17:12 of 1st period - Slapshot by Louis Leblanc.
17:12 of 1st period - Stopped by Niklas Svedberg with a rebound.
17:28 of 1st period - Slapshot by Jeremy Welsh.
17:28 of 1st period - Stopped by Malcolm Subban with a rebound.
17:30 of 1st period - Slapshot by Mattias Backman.
17:30 of 1st period - Stopped by Malcolm Subban with a rebound.
17:32 of 1st period - Slapshot by Jeremy Welsh.
17:32 of 1st period - Shot Blocked by Taylor Beck.
17:34 of 1st period - Wrist shot by Jeremy Welsh.
17:34 of 1st period - Shot Misses the Net.
17:36 of 1st period - Snap shot by Jeremy Welsh.
17:36 of 1st period - Stopped by Malcolm Subban with a rebound.
18:02 of 1st period - Jan Mursak is hit by Mat Clark and loses puck.
18:23 of 1st period - Slapshot by Nick Bjugstad.
18:23 of 1st period - Deflect By Jordan Caron.
18:23 of 1st period - Shot Misses the Net.
18:23 of 1st period - Puck is out of play.
18:24 of 1st period - Anton Gustafsson wins face-off versus Tim Schaller in Carnivores zone.
18:26 of 1st period - Minor Penalty to Chris Lawrence for Holding.
18:27 of 1st period - Tim Schaller wins face-off versus Anton Gustafsson in Carnivores zone.
18:27 of 1st period - Slapshot by Craig Smith.
18:27 of 1st period - Shot Misses the Net.
18:29 of 1st period - Wrist shot by Tim Schaller.
18:29 of 1st period - Shot Misses the Net.
18:31 of 1st period - Snap shot by Taylor Beck.
18:31 of 1st period - Shot Misses the Net.
18:33 of 1st period - Backhand shot by Taylor Beck.
18:33 of 1st period - Shot Misses the Net.
18:53 of 1st period - Nicolas Kerdiles is hit by Jan Mursak and loses puck.
19:02 of 1st period - Wrist shot by Nick Bjugstad.
19:02 of 1st period - Deflect By Jordan Caron.
19:02 of 1st period - Stopped by Niklas Svedberg without a rebound.
19:03 of 1st period - Anton Gustafsson wins face-off versus Tim Schaller in Carnivores zone.
19:36 of 1st period - Brandon Burlon is hit by Markus Granlund.
19:49 of 1st period - Icing by Jordan Caron.
19:50 of 1st period - Hunter Shinkaruk wins face-off versus Nick Bjugstad in Diables zone.
Goals for this period are 1 for Diables vs 0 for Carnivores.
Shots for this period are 9 for Diables vs 6 for Carnivores.

2nd period


0:01 of 2nd period - Tim Schaller wins face-off versus Anton Gustafsson in neutral zone.
0:26 of 2nd period - Penalty to Chris Lawrence is over, Chris Lawrence is back on ice.
0:35 of 2nd period - Backhand shot by Anton Gustafsson.
0:35 of 2nd period - Shot Misses the Net.
0:37 of 2nd period - Slapshot by Chris Lawrence.
0:37 of 2nd period - Stopped by Malcolm Subban without a rebound.
0:38 of 2nd period - Jeremy Welsh wins face-off versus Tim Schaller in Diables zone.
1:31 of 2nd period - Snap shot by Chris Lawrence.
1:31 of 2nd period - Stopped by Malcolm Subban with a rebound.
1:53 of 2nd period - Slapshot by Shayne Gostisbehere.
1:53 of 2nd period - Stopped by Niklas Svedberg with a rebound.
2:06 of 2nd period - Icing by Craig Smith.
2:07 of 2nd period - Markus Granlund wins face-off versus Tim Schaller in Diables zone.
2:08 of 2nd period - Snap shot by Nikita Alexeev.
2:08 of 2nd period - Stopped by Malcolm Subban with a rebound.
2:10 of 2nd period - Wrist shot by Jeremy Welsh.
2:10 of 2nd period - Deflect By Nikita Alexeev.
2:10 of 2nd period - Goal by Nikita Alexeev - Diables : 1 - Carnivores : 1.
2:11 of 2nd period - Tim Schaller wins face-off versus Anton Gustafsson in neutral zone.
2:18 of 2nd period - Snap shot by Craig Smith.
2:18 of 2nd period - Shot Blocked by T.J Brodie.
2:20 of 2nd period - Slapshot by Shayne Gostisbehere.
2:20 of 2nd period - Shot Misses the Net.
2:22 of 2nd period - Wrist shot by Tim Schaller.
2:22 of 2nd period - Goal by Tim Schaller - Diables : 2 - Carnivores : 1.
2:23 of 2nd period - Chris Lawrence wins face-off versus Tim Schaller in neutral zone.
2:31 of 2nd period - Minor Penalty to Craig Smith for High sticking.
2:32 of 2nd period - Michal Repik wins face-off versus Markus Granlund in Diables zone.
2:46 of 2nd period - Wrist shot by Chris Lawrence.
2:46 of 2nd period - Stopped by Malcolm Subban without a rebound.
2:47 of 2nd period - Michal Repik wins face-off versus Blake Geoffrion in Diables zone.
2:58 of 2nd period - Snap shot by Chris Lawrence.
2:58 of 2nd period - Shot Blocked by Brandon Burlon.
3:00 of 2nd period - Slapshot by Markus Granlund.
3:00 of 2nd period - Shot Misses the Net.
3:02 of 2nd period - Wrist shot by Chris Lawrence.
3:02 of 2nd period - Shot Blocked by Brandon Burlon.
3:31 of 2nd period - Off-side.
3:32 of 2nd period - Louis Leblanc wins face-off versus Markus Granlund in neutral zone.
4:21 of 2nd period - Wrist shot by Jordan Caron.
4:21 of 2nd period - Shot Hit the Post.
4:31 of 2nd period - Penalty to Craig Smith is over, Craig Smith is back on ice.
4:53 of 2nd period - Snap shot by Nick Bjugstad.
4:53 of 2nd period - Stopped by Niklas Svedberg with a rebound.
5:19 of 2nd period - Snap shot by Nick Bjugstad.
5:19 of 2nd period - Stopped by Niklas Svedberg without a rebound.
5:20 of 2nd period - Louis Leblanc wins face-off versus Anton Gustafsson in Carnivores zone.
5:31 of 2nd period - Snap shot by Shayne Gostisbehere.
5:31 of 2nd period - Shot Misses the Net.
5:33 of 2nd period - Snap shot by Mikko Lehtonen.
5:33 of 2nd period - Shot Blocked by Nate Schmidt.
5:35 of 2nd period - Snap shot by Mikko Lehtonen.
5:35 of 2nd period - Deflect By T.J Brodie.
5:35 of 2nd period - Shot Blocked by T.J Brodie.
5:35 of 2nd period - Puck is out of play.
5:36 of 2nd period - Elias Lindholm wins face-off versus Markus Granlund in Carnivores zone.
5:48 of 2nd period - Brandon Burlon is hit by Nikita Alexeev and loses puck.
6:14 of 2nd period - Wrist shot by Blake Geoffrion.
6:14 of 2nd period - Deflect By Chris Lawrence.
6:14 of 2nd period - Stopped by Malcolm Subban without a rebound.
6:15 of 2nd period - Markus Granlund wins face-off versus Nick Bjugstad in Diables zone.
7:28 of 2nd period - Slapshot by Shayne Gostisbehere.
7:28 of 2nd period - Stopped by Niklas Svedberg without a rebound.
7:29 of 2nd period - Anton Gustafsson wins face-off versus Elias Lindholm in Carnivores zone.
7:40 of 2nd period - Snap shot by Blake Geoffrion.
7:40 of 2nd period - Stopped by Malcolm Subban with a rebound.
7:56 of 2nd period - Mark Fraser is hit by Mat Clark and loses puck.
8:35 of 2nd period - Slapshot by Brian Dumoulin.
8:35 of 2nd period - Stopped by Niklas Svedberg without a rebound.
8:36 of 2nd period - Zack Smith wins face-off versus Louis Leblanc in Carnivores zone.
8:36 of 2nd period - Zack Smith is hit by Jeff Petry.
8:44 of 2nd period - Wrist shot by Jeremy Williams.
8:44 of 2nd period - Stopped by Malcolm Subban with a rebound.
8:46 of 2nd period - Snap shot by Zack Smith.
8:46 of 2nd period - Shot Hit the Post.
8:48 of 2nd period - Slapshot by T.J Brodie.
8:48 of 2nd period - Carnivores goal is going for a video replay.
8:48 of 2nd period - The goal is good.
8:48 of 2nd period - Goal by T.J Brodie - Diables : 2 - Carnivores : 2.
8:49 of 2nd period - Anton Gustafsson wins face-off versus Taylor Beck in neutral zone.
9:19 of 2nd period - T.J Brodie is hit by Jan Mursak and loses puck.
9:26 of 2nd period - Nate Schmidt is hit by Oscar Klefbom and loses puck.
9:39 of 2nd period - Sasha Pokulok is hit by Brian Dumoulin and loses puck.
10:10 of 2nd period - Wrist shot by Zack Smith.
10:10 of 2nd period - Stopped by Malcolm Subban with a rebound.
11:10 of 2nd period - Wrist shot by Michal Repik.
11:10 of 2nd period - Shot Misses the Net.
11:12 of 2nd period - Slapshot by Brandon Burlon.
11:12 of 2nd period - Stopped by Niklas Svedberg with a rebound.
11:16 of 2nd period - Slapshot by Shayne Gostisbehere.
11:16 of 2nd period - Stopped by Niklas Svedberg with a rebound.
11:20 of 2nd period - Wrist shot by Michal Repik.
11:20 of 2nd period - Goal by Michal Repik - Diables : 3 - Carnivores : 2.
11:21 of 2nd period - Anton Gustafsson wins face-off versus Taylor Beck in neutral zone.
11:28 of 2nd period - Wrist shot by Blake Geoffrion.
11:28 of 2nd period - Shot Misses the Net.
12:12 of 2nd period - Jeff Petry is hit by Hunter Shinkaruk and loses puck.
12:45 of 2nd period - Snap shot by Blake Geoffrion.
12:45 of 2nd period - Stopped by Malcolm Subban with a rebound.
12:47 of 2nd period - Slapshot by T.J Brodie.
12:47 of 2nd period - Deflect By Chris Lawrence.
12:47 of 2nd period - Stopped by Malcolm Subban without a rebound.
12:48 of 2nd period - Anton Gustafsson wins face-off versus Tim Schaller in Diables zone.
12:59 of 2nd period - Snap shot by Blake Geoffrion.
12:59 of 2nd period - Goal by Blake Geoffrion - Diables : 3 - Carnivores : 3.
13:00 of 2nd period - Tim Schaller wins face-off versus Anton Gustafsson in neutral zone.
13:13 of 2nd period - Slapshot by Tim Schaller.
13:13 of 2nd period - Stopped by Niklas Svedberg without a rebound.
13:14 of 2nd period - Blake Geoffrion wins face-off versus Tim Schaller in Carnivores zone.
13:21 of 2nd period - Craig Smith is hit by Chris Lawrence and loses puck.
13:44 of 2nd period - Snap shot by Nicolas Kerdiles.
13:44 of 2nd period - Shot Blocked by Taylor Beck.
13:50 of 2nd period - Snap shot by Nicolas Kerdiles.
13:50 of 2nd period - Goal by Nicolas Kerdiles - Diables : 3 - Carnivores : 4.
13:51 of 2nd period - Anton Gustafsson wins face-off versus Nick Bjugstad in neutral zone.
14:16 of 2nd period - Markus Granlund is hit by Taylor Beck and loses puck.
14:41 of 2nd period - Snap shot by Mark McNeill.
14:41 of 2nd period - Stopped by Malcolm Subban with a rebound.
14:43 of 2nd period - Slapshot by T.J Brodie.
14:43 of 2nd period - Stopped by Malcolm Subban with a rebound.
14:45 of 2nd period - Snap shot by Nicolas Kerdiles.
14:45 of 2nd period - Shot Misses the Net.
14:47 of 2nd period - Slapshot by T.J Brodie.
14:47 of 2nd period - Shot Misses the Net.
16:38 of 2nd period - Snap shot by Nate Schmidt.
16:38 of 2nd period - Shot Blocked by Shayne Gostisbehere.
16:40 of 2nd period - Wrist shot by Chris Lawrence.
16:40 of 2nd period - Shot Misses the Net.
16:42 of 2nd period - Slapshot by Nate Schmidt.
16:42 of 2nd period - Shot Misses the Net.
16:44 of 2nd period - Backhand shot by Nate Schmidt.
16:44 of 2nd period - Shot Blocked by Brandon Burlon.
16:46 of 2nd period - Slapshot by Nate Schmidt.
16:46 of 2nd period - Deflect By Anton Gustafsson.
16:46 of 2nd period - Shot Hit the Post.
16:46 of 2nd period - Puck is out of play.
16:47 of 2nd period - Anton Gustafsson wins face-off versus Nick Bjugstad in Diables zone.
17:35 of 2nd period - Mark McNeill is hit by Louis Leblanc and loses puck.
17:40 of 2nd period - Snap shot by Shayne Gostisbehere.
17:40 of 2nd period - Shot Misses the Net.
17:42 of 2nd period - Slapshot by Shayne Gostisbehere.
17:42 of 2nd period - Stopped by Niklas Svedberg with a rebound.
17:44 of 2nd period - Wrist shot by Mikko Lehtonen.
17:44 of 2nd period - Deflect By Louis Leblanc.
17:44 of 2nd period - Shot Misses the Net.
17:44 of 2nd period - Puck is out of play.
17:45 of 2nd period - Anton Gustafsson wins face-off versus Nick Bjugstad in Carnivores zone.
18:01 of 2nd period - Shayne Gostisbehere is hit by T.J Brodie and loses puck.
18:13 of 2nd period - Off-side.
18:14 of 2nd period - Markus Granlund wins face-off versus Tim Schaller in neutral zone.
18:46 of 2nd period - Snap shot by Jan Mursak.
18:46 of 2nd period - Stopped by Niklas Svedberg with a rebound.
18:48 of 2nd period - Slapshot by Brandon Burlon.
18:48 of 2nd period - Stopped by Niklas Svedberg without a rebound.
18:49 of 2nd period - Tim Schaller wins face-off versus Jeremy Welsh in Carnivores zone.
18:55 of 2nd period - Off-side.
18:56 of 2nd period - Tim Schaller wins face-off versus Markus Granlund in neutral zone.
19:07 of 2nd period - Icing by Craig Smith.
19:08 of 2nd period - Tim Schaller wins face-off versus Anton Gustafsson in Diables zone.
19:33 of 2nd period - Snap shot by Craig Smith.
19:33 of 2nd period - Shot Blocked by Chris Lawrence.
19:35 of 2nd period - Snap shot by Tim Schaller.
19:35 of 2nd period - Shot Blocked by Chris Lawrence.
19:37 of 2nd period - Snap shot by Craig Smith.
19:37 of 2nd period - Stopped by Niklas Svedberg with a rebound.
19:41 of 2nd period - Snap shot by Tim Schaller.
19:41 of 2nd period - Stopped by Niklas Svedberg with a rebound.
19:43 of 2nd period - Wrist shot by Tim Schaller.
19:43 of 2nd period - Shot Blocked by Anton Gustafsson.
19:47 of 2nd period - Snap shot by Craig Smith.
19:47 of 2nd period - Shot Blocked by T.J Brodie.
19:55 of 2nd period - Backhand shot by Tim Schaller.
19:55 of 2nd period - Stopped by Niklas Svedberg without a rebound.
19:56 of 2nd period - Markus Granlund wins face-off versus Nick Bjugstad in Carnivores zone.
19:58 of 2nd period - Minor Penalty to Jeremy Welsh for Holding.
19:59 of 2nd period - Anton Gustafsson wins face-off versus Jan Mursak in Carnivores zone.
Goals for this period are 2 for Diables vs 4 for Carnivores.
Shots for this period are 16 for Diables vs 16 for Carnivores.

3rd period


0:01 of 3rd period - Tim Schaller wins face-off versus Anton Gustafsson in neutral zone.
0:26 of 3rd period - Jordan Caron is hit by T.J Brodie and loses puck.
0:53 of 3rd period - Wrist shot by Nicolas Kerdiles.
0:53 of 3rd period - Deflect By Hunter Shinkaruk.
0:53 of 3rd period - Stopped by Malcolm Subban without a rebound.
0:54 of 3rd period - Nicolas Kerdiles wins face-off versus Tim Schaller in Diables zone.
0:55 of 3rd period - Slapshot by Sasha Pokulok.
0:55 of 3rd period - Stopped by Malcolm Subban with a rebound.
1:13 of 3rd period - Slapshot by Brian Dumoulin.
1:13 of 3rd period - Deflect By Jordan Caron.
1:13 of 3rd period - Goal by Jordan Caron - Diables : 4 - Carnivores : 4.
1:14 of 3rd period - Anton Gustafsson wins face-off versus Tim Schaller in neutral zone.
1:27 of 3rd period - Wrist shot by Tim Schaller.
1:27 of 3rd period - Stopped by Niklas Svedberg with a rebound.
1:29 of 3rd period - Wrist shot by Taylor Beck.
1:29 of 3rd period - Shot Blocked by Chris Lawrence.
1:39 of 3rd period - Nick Bjugstad is hit by T.J Brodie and loses puck.
1:44 of 3rd period - Snap shot by Nikita Alexeev.
1:44 of 3rd period - Stopped by Malcolm Subban without a rebound.
1:45 of 3rd period - Markus Granlund wins face-off versus Nick Bjugstad in Diables zone.
2:17 of 3rd period - Minor Penalty to Nate Schmidt for Holding.
2:18 of 3rd period - Chris Lawrence wins face-off versus Tim Schaller in Carnivores zone.
4:17 of 3rd period - Penalty to Nate Schmidt is over, Nate Schmidt is back on ice.
4:56 of 3rd period - T.J Brodie is hit by Michal Repik and loses puck.
6:10 of 3rd period - Wrist shot by Mat Clark.
6:10 of 3rd period - Stopped by Malcolm Subban with a rebound.
6:12 of 3rd period - Wrist shot by Zack Smith.
6:12 of 3rd period - Shot Blocked by Shayne Gostisbehere.
6:33 of 3rd period - Icing by Nicolas Kerdiles.
6:34 of 3rd period - Elias Lindholm wins face-off versus Frederik Gauthier in Carnivores zone.
6:37 of 3rd period - Wrist shot by Michal Repik.
6:37 of 3rd period - Stopped by Niklas Svedberg with a rebound.
6:39 of 3rd period - Wrist shot by Craig Smith.
6:39 of 3rd period - Shot Misses the Net.
6:41 of 3rd period - Wrist shot by Craig Smith.
6:41 of 3rd period - Goal by Craig Smith - Diables : 5 - Carnivores : 4.
6:42 of 3rd period - Anton Gustafsson wins face-off versus Tim Schaller in neutral zone.
7:08 of 3rd period - Nate Schmidt is hit by Mikko Lehtonen and loses puck.
7:54 of 3rd period - Icing by David Schlemko.
7:55 of 3rd period - Zack Smith wins face-off versus Elias Lindholm in Carnivores zone.
7:57 of 3rd period - Icing by David Schlemko.
7:58 of 3rd period - Tim Schaller wins face-off versus Zack Smith in Carnivores zone.
8:14 of 3rd period - Snap shot by Zack Smith.
8:14 of 3rd period - Shot Blocked by Shayne Gostisbehere.
8:20 of 3rd period - Wrist shot by Jeremy Williams.
8:20 of 3rd period - Stopped by Malcolm Subban with a rebound.
8:22 of 3rd period - Wrist shot by Jeremy Williams.
8:22 of 3rd period - Stopped by Malcolm Subban with a rebound.
8:26 of 3rd period - Wrist shot by Jeremy Williams.
8:26 of 3rd period - Shot Misses the Net.
8:28 of 3rd period - Slapshot by David Schlemko.
8:28 of 3rd period - Shot Misses the Net.
8:30 of 3rd period - Wrist shot by Hunter Shinkaruk.
8:30 of 3rd period - Goal by Hunter Shinkaruk - Diables : 5 - Carnivores : 5.
8:31 of 3rd period - Anton Gustafsson wins face-off versus Nick Bjugstad in neutral zone.
8:43 of 3rd period - Minor Penalty to Jan Mursak for Boarding.
8:44 of 3rd period - Markus Granlund wins face-off versus Craig Smith in Diables zone.
8:48 of 3rd period - Slapshot by Markus Granlund.
8:48 of 3rd period - Goal by Markus Granlund - Diables : 5 - Carnivores : 6.
8:49 of 3rd period - Anton Gustafsson wins face-off versus Tim Schaller in neutral zone.
8:54 of 3rd period - Wrist shot by Blake Geoffrion.
8:54 of 3rd period - Stopped by Malcolm Subban with a rebound.
8:56 of 3rd period - Snap shot by Anton Gustafsson.
8:56 of 3rd period - Goal by Anton Gustafsson - Diables : 5 - Carnivores : 7.
8:56 of 3rd period - Garret Sparks enters game.
8:57 of 3rd period - Anton Gustafsson wins face-off versus Tim Schaller in neutral zone.
9:07 of 3rd period - Off-side.
9:08 of 3rd period - Craig Smith wins face-off versus Anton Gustafsson in neutral zone.
9:13 of 3rd period - Chris Lawrence is hit by Tim Schaller and loses puck.
9:42 of 3rd period - Snap shot by Jan Mursak.
9:42 of 3rd period - Stopped by Niklas Svedberg with a rebound.
10:00 of 3rd period - Brian Dumoulin is hit by Markus Granlund and loses puck.
10:13 of 3rd period - Slapshot by Markus Granlund.
10:13 of 3rd period - Stopped by Garret Sparks without a rebound.
10:14 of 3rd period - Anton Gustafsson wins face-off versus Tim Schaller in Diables zone.
10:45 of 3rd period - Snap shot by Jordan Caron.
10:45 of 3rd period - Stopped by Niklas Svedberg without a rebound.
10:46 of 3rd period - Frederik Gauthier wins face-off versus Nick Bjugstad in Carnivores zone.
10:54 of 3rd period - Snap shot by Nicolas Kerdiles.
10:54 of 3rd period - Goal by Nicolas Kerdiles - Diables : 5 - Carnivores : 8.
10:55 of 3rd period - Anton Gustafsson wins face-off versus Tim Schaller in neutral zone.
11:06 of 3rd period - Wrist shot by Tim Schaller.
11:06 of 3rd period - Shot Misses the Net.
11:08 of 3rd period - Slapshot by Brandon Burlon.
11:08 of 3rd period - Shot Blocked by Nate Schmidt.
11:48 of 3rd period - Slapshot by Mark McNeill.
11:48 of 3rd period - Shot Blocked by Brian Dumoulin.
12:27 of 3rd period - Slapshot by Nick Bjugstad.
12:27 of 3rd period - Shot Blocked by Sasha Pokulok.
12:29 of 3rd period - Snap shot by Jordan Caron.
12:29 of 3rd period - Shot Misses the Net.
12:58 of 3rd period - Icing by Jeff Petry.
12:59 of 3rd period - Frederik Gauthier wins face-off versus Louis Leblanc in Diables zone.
13:02 of 3rd period - Slapshot by Mark McNeill.
13:02 of 3rd period - Shot Blocked by Pavel Valentenko.
13:06 of 3rd period - Snap shot by Mark McNeill.
13:06 of 3rd period - Shot Misses the Net.
13:36 of 3rd period - Snap shot by Tim Schaller.
13:36 of 3rd period - Deflect By Taylor Beck.
13:36 of 3rd period - Shot Blocked by Josh Manson.
13:36 of 3rd period - Puck is out of play.
13:37 of 3rd period - Markus Granlund wins face-off versus Nick Bjugstad in Carnivores zone.
13:50 of 3rd period - Wrist shot by Nick Bjugstad.
13:50 of 3rd period - Shot Misses the Net.
14:02 of 3rd period - Tim Schaller is hit by Chris Lawrence and loses puck.
14:08 of 3rd period - Craig Smith is hit by Blake Geoffrion and loses puck.
14:13 of 3rd period - Snap shot by Blake Geoffrion.
14:13 of 3rd period - Deflect By Brian Dumoulin.
14:13 of 3rd period - Stopped by Garret Sparks without a rebound.
14:14 of 3rd period - Nick Bjugstad wins face-off versus Anton Gustafsson in Diables zone.
14:23 of 3rd period - Snap shot by Chris Lawrence.
14:23 of 3rd period - Shot Blocked by Brian Dumoulin.
14:25 of 3rd period - Wrist shot by Anton Gustafsson.
14:25 of 3rd period - Stopped by Garret Sparks with a rebound.
15:03 of 3rd period - Icing by Tim Schaller.
15:04 of 3rd period - Markus Granlund wins face-off versus Tim Schaller in Diables zone.
15:37 of 3rd period - Wrist shot by Nikita Alexeev.
15:37 of 3rd period - Shot Misses the Net.
15:39 of 3rd period - Slapshot by T.J Brodie.
15:39 of 3rd period - Stopped by Garret Sparks without a rebound.
15:40 of 3rd period - Tim Schaller wins face-off versus Anton Gustafsson in Diables zone.
15:50 of 3rd period - Minor Penalty to Chris Lawrence for Hooking.
15:51 of 3rd period - Tim Schaller wins face-off versus Anton Gustafsson in Carnivores zone.
15:55 of 3rd period - Snap shot by Craig Smith.
15:55 of 3rd period - Shot Misses the Net.
16:21 of 3rd period - Slapshot by Oscar Klefbom.
16:21 of 3rd period - Shot Misses the Net.
16:23 of 3rd period - Slapshot by Oscar Klefbom.
16:23 of 3rd period - Stopped by Niklas Svedberg with a rebound.
16:25 of 3rd period - Wrist shot by Jordan Caron.
16:25 of 3rd period - Shot Misses the Net.
16:27 of 3rd period - Slapshot by Brian Dumoulin.
16:27 of 3rd period - Stopped by Niklas Svedberg without a rebound.
16:28 of 3rd period - Tim Schaller wins face-off versus Anton Gustafsson in Carnivores zone.
17:03 of 3rd period - Snap shot by Craig Smith.
17:03 of 3rd period - Stopped by Niklas Svedberg with a rebound.
17:05 of 3rd period - Slapshot by Tim Schaller.
17:05 of 3rd period - Stopped by Niklas Svedberg with a rebound.
17:07 of 3rd period - Snap shot by Tim Schaller.
17:07 of 3rd period - Deflect By Craig Smith.
17:07 of 3rd period - Shot Misses the Net.
17:07 of 3rd period - Puck is out of play.
17:08 of 3rd period - Tim Schaller wins face-off versus Frederik Gauthier in Carnivores zone.
17:15 of 3rd period - Wrist shot by Taylor Beck.
17:15 of 3rd period - Goal by Taylor Beck - Diables : 6 - Carnivores : 8.
17:16 of 3rd period - Anton Gustafsson wins face-off versus Christian Thomas in neutral zone.
17:25 of 3rd period - Snap shot by Blake Geoffrion.
17:25 of 3rd period - Shot Misses the Net.
17:41 of 3rd period - Taylor Beck is hit by Markus Granlund.
18:27 of 3rd period - Minor Penalty to Sasha Pokulok for Roughing.
18:28 of 3rd period - Tim Schaller wins face-off versus Anton Gustafsson in Carnivores zone.
18:33 of 3rd period - Wrist shot by Taylor Beck.
18:33 of 3rd period - Stopped by Niklas Svedberg with a rebound.
18:35 of 3rd period - Wrist shot by Craig Smith.
18:35 of 3rd period - Shot Misses the Net.
18:37 of 3rd period - Slapshot by Shayne Gostisbehere.
18:37 of 3rd period - Shot Misses the Net.
18:39 of 3rd period - Slapshot by Taylor Beck.
18:39 of 3rd period - Stopped by Niklas Svedberg without a rebound.
18:40 of 3rd period - Tim Schaller wins face-off versus Anton Gustafsson in Carnivores zone.
19:13 of 3rd period - Frederik Gauthier is hit by Brandon Burlon and loses puck.
19:29 of 3rd period - Off-side.
19:30 of 3rd period - Frederik Gauthier wins face-off versus Tim Schaller in neutral zone.
19:41 of 3rd period - Wrist shot by Tim Schaller.
19:41 of 3rd period - Shot Misses the Net.
19:43 of 3rd period - Snap shot by Craig Smith.
19:43 of 3rd period - Stopped by Niklas Svedberg without a rebound.
19:44 of 3rd period - Anton Gustafsson wins face-off versus Tim Schaller in Carnivores zone.
Goals for this period are 3 for Diables vs 4 for Carnivores.
Shots for this period are 14 for Diables vs 15 for Carnivores.